 Dungeon Crawl Stone Soup version 0.30.1 (webtiles) character file.

Game seed: 3099176286287260431

183 cdecastro the Magician (level 5, -1/39 HPs)
             Began as a Djinni Fire Elementalist on July 11, 2023.
             Slain by an orc
             ... wielding a +0 mace
              (7 damage)
             ... on level 6 of the Dungeon.
             The game lasted 00:04:14 (1913 turns).

cdecastro the Magician (Djinni Fire Elementalist)   Turns: 1913, Time: 00:04:14

Health: -1/39      AC:  2    Str:  7    XL:     5   Next: 94%
Gold:   165        EV: 17    Int: 19    God:
                   SH:  0    Dex: 13

rFire   + + .        c - +2 whip (vamp)
rCold   x . .        (no shield)
rNeg    . . .        a - +0 robe
rPois   ∞            (no helmet)
rElec   .            (no cloak)
rCorr   .            (no gloves)
SInv    .            (boots unavailable)
Will    .....        (no amulet)
Stlth   ++           e - +5 ring of evasion
HPRegen 0.26/turn    (no ring)
MPRegen 0.00/turn

%: infuse magic (-2 HP)
@: flying, very slightly contaminated
A: sickness immunity, fire resistance 2, cold vulnerability 1, float, innate
caster, HP casting, extra vitality 1
a: no special abilities


You were on level 6 of the Dungeon.
You visited 1 branch of the dungeon, and saw 4 of its levels.

You collected 165 gold pieces.

Inventory:

Hand Weapons
 c - a +2 vampiric whip (weapon)
Missiles
 q - 4 poisoned darts
Armour
 a - a +0 robe (worn)
Jewellery
 e - a +5 ring of evasion (left hand)
Wands
 j - a wand of flame (29)
Scrolls
 b - a scroll of teleportation {unknown}
 f - a scroll of magic mapping {unknown}
 h - 2 scrolls of blinking {unknown}
 i - a scroll of enchant armour {unknown}
 k - 2 scrolls of identify {unknown}
 m - a scroll of fog {unknown}
 n - a scroll of silence {unknown}
 o - a scroll of enchant weapon {unknown}
 p - 4 scrolls of acquirement {unknown}
Potions
 d - a potion of attraction {unknown}
 g - a potion of lignification {unknown}
 l - 3 potions of berserk rage {unknown}


   Skills:
 + Level 2.7 Fighting
 - Level 2.1 Dodging
 - Level 1.5 Stealth
 * Level 4.1 Spellcasting


You knew the following spells:

 Your Spells              Type           Power      Damage    Failure   Level
a - Foxfire               Conj/Fire      76%        2x1d7     2%          1
b - Scorch                Fire           38%        2d6       3%          2
c - Volatile Blastmotes   Fire/Tloc      38%        2d13      8%          3
d - Inner Flame           Hex/Fire       19%        N/A       8%          3
e - Flame Wave            Conj/Fire      19%        2d7       24%         4
f - Sting                 Tmut/Pois      76%        1d6       2%          1
g - Poisonous Vapours     Pois/Air       38%        N/A       3%          2
Your spell library was empty.

Dungeon Overview and Level Annotations

Branches:
Dungeon (3/15)

Altars:
Elyvilon

Shops:
D:2 (


Innate Abilities, Weirdness & Mutations

You are immune to sickness and miasma.
You are immune to poison.
Your flesh is very heat resistant. (rF++)
You are vulnerable to cold. (rC-)
You float through the air rather than walking.
You learn spells naturally, not from books.
Your magical power is your life essence.
You have superior vitality. (+4 MHP)


Message History

Casting: Foxfire (safe; 2% risk of failure)
Press: ? - help, Q - select action, (/) - cycle Dir - look around, f - activate
There is not enough space to conjure foxfire!
Unknown command.
You closely miss the orc.
The orc is heavily wounded.
The foxfire hits the orc but does no damage.
The orc is severely wounded.
The orc hits you with a +0 mace. The orc closely misses you.
Unknown command.
Casting: Foxfire (safe; 2% risk of failure)
Press: ? - help, Q - select action, (/) - cycle Dir - look around, f - activate You conjure some foxfire!
The orc hits you with a +0 mace.
* * * LOW HITPOINT WARNING * * *
The foxfire hits the orc but does no damage.
The orc is severely wounded.
You hit the orc.
You kill the orc!
The foxfire hits the orc.
The orc is lightly wounded.
The orc closely misses you.
The orc hits you with a +2 mace of draining.
* * * LOW HITPOINT WARNING * * *
Casting: Foxfire (safe; 2% risk of failure)
Press: ? - help, Q - select action, (/) - cycle Dir - look around, f - activate You conjure some foxfire!
* * * LOW HITPOINT WARNING * * *
The orc hits you with a +0 mace.
* * * LOW HITPOINT WARNING * * *
The orc hits you with a +2 mace of draining.
* * * LOW HITPOINT WARNING * * *
You hit the orc.
The orc is heavily wounded.
The foxfire hits the orc.
You kill the orc!
The foxfire hits the orc.
The orc is heavily wounded.
The orc hits you with a +0 mace!
You die...

#.#.#............§
#........####...#
#.....##.####...###
#.#.####.##...)...# #
#.####.##.#...#.#
#......##.#...#.#
##......#.#...#.#
#.####.#.#)o.#.#
#.####.#.§@#v..#
#.#......#§#.#.######
#.#.##.....#........####
#.......#######.###....##
###.###....#....# #.....#
#†# ##.#.#.#.## #.....#
#.# #...#...# #.....#
##.# ###...### ##...##
###..### ###.### ##.##


You could see an orc.

Vanquished Creatures
  A sky beast (D:6)
  An iguana (D:6)
  An adder (D:2)
  An ufetubus (D:6)
  A worm (D:2)
  4 orcs (D:6)
  A ball python (D:2)
  6 endoplasms
  2 giant cockroaches (D:2)
  7 goblins
  4 hobgoblins (D:1)
  2 quokkas (D:1)
  3 bats
  5 kobolds
  4 rats
43 creatures vanquished.

Vanquished Creatures (others)
  180 foxfires
180 creatures vanquished.

Grand Total: 223 creatures vanquished

Notes
Turn   | Place    | Note
-------+----------+-------------------------------------------
     0 | D:1      | cdecastro the Djinni Fire Elementalist began the quest for
                  | the Orb.
     0 | D:1      | cdecastro set off with the following spells memorised:
                  | Foxfire, Scorch, Volatile Blastmotes, Inner Flame, Flame
                  | Wave.
     0 | D:1      | Reached XP level 1. HP: 15/15 MP: 0/0
   118 | D:1      | Reached XP level 2. HP: 19/22 MP: 0/0
   330 | D:1      | Reached skill level 1 in Fighting
   450 | D:1      | Reached XP level 3. HP: 12/27 MP: 0/0
   450 | D:1      | Learned a level 1 spell: Sting
   731 | D:1      | Reached skill level 3 in Spellcasting
  1336 | D:2      | Reached XP level 4. HP: 27/32 MP: 0/0
  1494 | D:2      | Found Kuneikih's Antique Weapon Shoppe.
  1679 | D:3      | Found a white marble altar of Elyvilon.
  1679 | D:3      | You are sucked into a shaft and drop 3 floors!
  1782 | D:6      | Noticed a sky beast
  1792 | D:6      | Killed a sky beast
  1793 | D:6      | Reached XP level 5. HP: 33/39 MP: 0/0
  1793 | D:6      | Learned a level 2 spell: Poisonous Vapours
  1845 | D:6      | Reached skill level 4 in Spellcasting
  1913 | D:6      | Slain by an orc

Illustrated notes

Levels and vault maps discovered:
D:1:      dpeg_arrival_arbitrary_b, layout_basic
D:2:      layout_loops_ring, serial_shops, shop
D:3:      layout_basic, mainiacjoe_overflow_alcove_1,
          grunt_temple_overflow_open, serial_bayou, serial_bayou_pond_c,
          serial_bayou_pond_b, serial_bayou_pond_d, serial_bayou_ford_a,
          chequers_serial_rivers_small_3, solitary_fountain,
          minmay_joined_circles
D:6:      layout_loops_cross

Skill      XL: |  1  2  3  4  5 |
---------------+----------------+-----
Fighting       | 1 2 |  2.7
Spellcasting   | 3 4 |  4.1
Dodging        | |  2.1
Stealth        | |  1.5

Action                     |  1- 3 |  4- 6 || total
---------------------------+-------+-------++-------
  Melee: Whip              |     3 |     4 ||     7
   Cast: Foxfire           |    80 |    29 ||   109
         Scorch            |       |     3 ||     3
 Armour: Robe              |     1 |       ||     1
  Dodge: Dodged            |    11 |     7 ||    18
